MLB
MIAMI MARLINS @ ATLANTA BRAVES
08/26/2047
 
TOP OF THE 1ST
Miami Marlins batting - Pitching for Atlanta Braves : RHP Curt Stevens
Pitching: RHP Curt Stevens
Batting: RHB Roger Salazar 0-0: Swinging Strike
0-1: Called Strike
0-2: Ball
1-2: Ball
2-2: Strikes out looking
Batting: SHB Tze-meng Gan 0-0: Ball
1-0: Swinging Strike
1-1: Foul Ball, location: 2F
1-2: Strikes out swinging
Batting: LHB Andre Gorter 0-0: Called Strike
0-1: Called Strike
0-2: Foul Ball, location: 2F
0-2: Strikes out swinging
Top of the 1st over - 0 runs, 0 hits, 0 errors, 0 left on base; Miami 0 - Atlanta 0
BOTTOM OF THE 1ST
Atlanta Braves batting - Pitching for Miami Marlins : RHP Oscar Banda
Pitching: RHP Oscar Banda
Batting: RHB Jeckel Hester 0-0: Swinging Strike
0-1: Foul Ball, location: 2F
0-2: Ground out 6-3 (Groundball, 6D, EV 92.5 MPH)
Batting: SHB Terry Tuckfard 0-0: Foul Ball, location: 2F
0-1: Ball
1-1: Ball
2-1: Swinging Strike
2-2: Foul Ball, location: 2F
2-2: Foul Ball, location: 2F
2-2: Ball
3-2: Foul Ball, location: 2F
3-2: Foul Ball, location: 2F
3-2: Base on Balls
Batting: SHB Jason Woods 0-0: Ball
Passed Ball!
Terry Tuckfard to second
1-0: Foul Ball, location: 2F
1-1: SINGLE (Flyball, 8LS, EV 97.5 MPH)
Terry Tuckfard to third
Runner from 3rd tries for Home, SAFE, throw by LF to home
Batting: RHB Ike Trout 0-0: Ball
1-0: SINGLE (Line Drive, 78M, EV 103.1 MPH)
Jason Woods to second
Batting: LHB Erik Gretzky 0-0: Ball
1-0: Fly out, F8 (Line Drive, 8LM, EV 103.8 MPH)
Batting: RHB Alex Rodriguez Jr. 0-0: Ball
1-0: Ball
2-0: Ball
3-0: Called Strike
3-1: Base on Balls
Jason Woods to third
Ike Trout to second
Batting: RHB Xavier Davis 0-0: Called Strike
0-1: Ball
1-1: Fly out, F6 (Popup, P, EV 86.2 MPH)
Bottom of the 1st over - 1 run, 2 hits, 0 errors, 3 left on base; Miami 0 - Atlanta 1
TOP OF THE 2ND
Miami Marlins batting - Pitching for Atlanta Braves : RHP Curt Stevens
Batting: RHB Micah Christopher 0-0: Fly out, F8 (Flyball, 8RM, EV 81.2 MPH)
Batting: RHB Bert Clark 0-0: Called Strike
0-1: Foul Ball, location: 2F
0-2: Ball
1-2: Ball
2-2: Ball
3-2: Base on Balls
Batting: RHB Adam McGurn 0-0: Ball
1-0: Ball
2-0: Called Strike
2-1: Foul Ball, location: 2F
2-2: Strikes out swinging
Batting: RHB Mark Barger 0-0: 2-RUN HOME RUN (Flyball, 7LD, EV 96.9 MPH), Distance : 361 ft
Batting: RHB Alberto Cotto 0-0: Called Strike
0-1: Foul Ball, location: 2F
0-2: Ball
1-2: Fly out, F9 (Flyball, 9, EV 79.4 MPH)
Top of the 2nd over - 2 runs, 1 hit, 0 errors, 0 left on base; Miami 2 - Atlanta 1
BOTTOM OF THE 2ND
Atlanta Braves batting - Pitching for Miami Marlins : RHP Oscar Banda
Batting: RHB Luis Torres 0-0: Called Strike
0-1: Ball
1-1: Ball
2-1: Foul Ball, location: 2F
2-2: DOUBLE (Flyball, 8LXD, EV 103.8 MPH)
Batting: RHB Liangde Li 0-0: Called Strike
0-1: Foul Ball, location: 2F
0-2: Strikes out swinging
Batting: RHB Jeckel Hester 0-0: Ball
1-0: Swinging Strike
1-1: Called Strike
1-2: Foul Ball, location: 2F
1-2: Strikes out swinging
Batting: SHB Terry Tuckfard 0-0: Ball
1-0: Ball
2-0: Ball
3-0: Base on Balls
Batting: SHB Jason Woods 0-0: Fielders Choice at 2nd, U6 (Groundball, 6M, EV 84.4 MPH)
Bottom of the 2nd over - 0 runs, 1 hit, 0 errors, 2 left on base; Miami 2 - Atlanta 1
TOP OF THE 3RD
Miami Marlins batting - Pitching for Atlanta Braves : RHP Curt Stevens
Batting: RHB Alex Munoz 0-0: Ball
1-0: Fly out, F2 (Popup, 2LF, EV 92.5 MPH)
Batting: RHB Roger Salazar 0-0: Called Strike
0-1: Ball
1-1: Foul Ball, location: 2F
1-2: Foul Ball, location: 2F
1-2: Ball
2-2: Ball
3-2: Foul Ball, location: 2F
3-2: Strikes out swinging
Batting: SHB Tze-meng Gan 0-0: Hit by Pitch
Batting: LHB Andre Gorter 0-0: Called Strike
0-1: Foul Ball, location: 2F
0-2: Ball
1-2: Ball
2-2: Foul Ball, location: 2F
2-2: Foul Ball, location: 2F
2-2: Strikes out looking
Top of the 3rd over - 0 runs, 0 hits, 0 errors, 1 left on base; Miami 2 - Atlanta 1
BOTTOM OF THE 3RD
Atlanta Braves batting - Pitching for Miami Marlins : RHP Oscar Banda
Batting: RHB Ike Trout 0-0: Hit by Pitch
Batting: LHB Erik Gretzky 0-0: Called Strike
0-1: Foul Ball, location: 2F
0-2: Strikes out looking
Batting: RHB Alex Rodriguez Jr. 0-0: Foul Ball, location: 2F
0-1: Swinging Strike
0-2: Strikes out looking
Batting: RHB Xavier Davis 0-0: Ground out 4-3 (Groundball, 4, EV 101.9 MPH)
Bottom of the 3rd over - 0 runs, 0 hits, 0 errors, 1 left on base; Miami 2 - Atlanta 1
TOP OF THE 4TH
Miami Marlins batting - Pitching for Atlanta Braves : RHP Curt Stevens
Batting: RHB Micah Christopher 0-0: Ball
1-0: Called Strike
1-1: Foul Ball, location: 2F
1-2: Strikes out looking
Batting: RHB Bert Clark 0-0: Ball
1-0: Fly out, F9 (Line Drive, 9S, EV 89.4 MPH)
Batting: RHB Adam McGurn 0-0: Foul Ball, location: 2F
0-1: Swinging Strike
0-2: Strikes out swinging
Top of the 4th over - 0 runs, 0 hits, 0 errors, 0 left on base; Miami 2 - Atlanta 1
BOTTOM OF THE 4TH
Atlanta Braves batting - Pitching for Miami Marlins : RHP Oscar Banda
Batting: RHB Luis Torres 0-0: Foul Ball, location: 2F
0-1: Ball
1-1: Foul Ball, location: 2F
1-2: Strikes out swinging
Batting: RHB Liangde Li 0-0: Called Strike
0-1: Foul Ball, location: 2F
0-2: Ball
1-2: Ball
2-2: Foul Ball, location: 2F
2-2: Ball
3-2: Foul Ball, location: 2F
3-2: Base on Balls
Batting: RHB Jeckel Hester 0-0: Foul Ball, location: 2F
0-1: Called Strike
Liangde Li steals 2nd base
0-2: Ball
1-2: Strikes out looking
Batting: SHB Terry Tuckfard 0-0: Ball
1-0: Ball
2-0: Called Strike
2-1: Ball
3-1: Swinging Strike
3-2: Base on Balls
Batting: SHB Jason Woods 0-0: Ground out 1-3 (Groundball, 13, EV 62.5 MPH)
Bottom of the 4th over - 0 runs, 0 hits, 0 errors, 2 left on base; Miami 2 - Atlanta 1
TOP OF THE 5TH
Miami Marlins batting - Pitching for Atlanta Braves : RHP Curt Stevens
Batting: RHB Mark Barger 0-0: Ball
1-0: Called Strike
1-1: Foul Ball, location: 2F
1-2: Strikes out swinging
Batting: RHB Alberto Cotto 0-0: Ball
1-0: Called Strike
1-1: Ball
2-1: Fly out, F7 (Line Drive, 7, EV 88.1 MPH)
Batting: RHB Alex Munoz 0-0: Ball
1-0: Called Strike
1-1: Ball
2-1: Called Strike
2-2: DOUBLE (Groundball, 5L, EV 113.1 MPH)
Batting: RHB Roger Salazar 0-0: Called Strike
0-1: Ball
1-1: Called Strike
1-2: Strikes out swinging
Top of the 5th over - 0 runs, 1 hit, 0 errors, 1 left on base; Miami 2 - Atlanta 1
BOTTOM OF THE 5TH
Atlanta Braves batting - Pitching for Miami Marlins : RHP Oscar Banda
Batting: RHB Ike Trout 0-0: Called Strike
0-1: Foul Ball, location: 2F
0-2: Ball
1-2: Fly out, F3 (Popup, 3SF, EV 60.6 MPH)
Batting: LHB Erik Gretzky 0-0: Swinging Strike
0-1: Called Strike
0-2: Ball
1-2: Hit by Pitch
Batting: RHB Alex Rodriguez Jr. 0-0: Grounds into double play, 4-6-3 (Groundball, 4, EV 80.6 MPH)
Bottom of the 5th over - 0 runs, 0 hits, 0 errors, 0 left on base; Miami 2 - Atlanta 1
TOP OF THE 6TH
Miami Marlins batting - Pitching for Atlanta Braves : RHP Curt Stevens
Batting: SHB Tze-meng Gan 0-0: Ball
1-0: Ball
2-0: Called Strike
2-1: Ball
3-1: Called Strike
3-2: Foul Ball, location: 2F
3-2: Foul Ball, location: 2F
3-2: Base on Balls
Batting: LHB Andre Gorter 0-0: Ball
1-0: Foul Ball, location: 2F
1-1: Called Strike
1-2: Ball
2-2: Foul Ball, location: 2F
2-2: Strikes out swinging
Batting: RHB Micah Christopher 0-0: Called Strike
0-1: Ball
1-1: SINGLE (Groundball, 6MD, EV 103.8 MPH)
Tze-meng Gan to second
Batting: RHB Bert Clark 0-0: Ball
Tze-meng Gan steals 3rd base
1-0: Ball
2-0: Ball
3-0: Base on Balls
Micah Christopher to second
Batting: RHB Adam McGurn 0-0: Called Strike
0-1: Foul Ball, location: 2F
0-2: Ball
1-2: SINGLE (Groundball, 56, EV 96.9 MPH)
Tze-meng Gan scores
Micah Christopher to third
Bert Clark to second
Runner from 3rd tries for Home, SAFE, throw by LF to home
Batting: RHB Mark Barger 0-0: Called Strike
0-1: Ball
1-1: Foul Ball, location: 2F
1-2: Strikes out looking
Batting: RHB Alberto Cotto 0-0: Called Strike
0-1: Foul Ball, location: 2F
0-2: Strikes out swinging
Top of the 6th over - 2 runs, 2 hits, 0 errors, 2 left on base; Miami 4 - Atlanta 1
BOTTOM OF THE 6TH
Atlanta Braves batting - Pitching for Miami Marlins : RHP Oscar Banda
Batting: RHB Xavier Davis 0-0: Ball
1-0: Ball
2-0: Swinging Strike
2-1: Ball
3-1: Base on Balls
Batting: RHB Luis Torres 0-0: Grounds into double play, 4-6-3 (Groundball, 4, EV 101.2 MPH)
Batting: RHB Liangde Li 0-0: Called Strike
0-1: Ball
1-1: Ball
2-1: Ball
3-1: Base on Balls
Batting: RHB Jeckel Hester 0-0: Called Strike
Liangde Li steals 2nd base
0-1: Called Strike
0-2: Strikes out swinging
Bottom of the 6th over - 0 runs, 0 hits, 0 errors, 1 left on base; Miami 4 - Atlanta 1
TOP OF THE 7TH
Miami Marlins batting - Pitching for Atlanta Braves : RHP Curt Stevens
Pitching: RHP Brian Bailes
Batting: RHB Alex Munoz 0-0: SINGLE (Line Drive, 4MD, EV 106.2 MPH)
Batting: RHB Roger Salazar 0-0: Called Strike
0-1: Ball
1-1: Ball
Alex Munoz steals 2nd base (no throw)
2-1: Foul Ball, location: 2F
2-2: Foul Ball, location: 2F
2-2: Strikes out swinging
Batting: SHB Tze-meng Gan 0-0: Ball
1-0: Ground out 6-3 (Groundball, 6, EV 83.1 MPH)
Alex Munoz to third
Batting: LHB Andre Gorter 0-0: Ball
1-0: Foul Ball, location: 2F
1-1: Fly out, F6 (Popup, 6, EV 59.4 MPH)
Top of the 7th over - 0 runs, 1 hit, 0 errors, 1 left on base; Miami 4 - Atlanta 1
BOTTOM OF THE 7TH
Atlanta Braves batting - Pitching for Miami Marlins : RHP Oscar Banda
Batting: SHB Terry Tuckfard 0-0: Called Strike
0-1: Called Strike
0-2: Foul Ball, location: 2F
0-2: Ball
1-2: Ground out U3 (Groundball, 3S, EV 80.0 MPH)
Batting: SHB Jason Woods 0-0: Ball
1-0: Called Strike
1-1: Called Strike
1-2: Ball
2-2: Foul Ball, location: 2F
2-2: Foul Ball, location: 2F
2-2: Ball
3-2: Foul Ball, location: 2F
3-2: Fly out, F4 (Popup, 34, EV 59.4 MPH)
Batting: RHB Ike Trout 0-0: Ball
1-0: Foul Ball, location: 2F
1-1: Foul Ball, location: 2F
1-2: Ball
2-2: Fly out, F9 (Flyball, 9S, EV 71.2 MPH)
Bottom of the 7th over - 0 runs, 0 hits, 0 errors, 0 left on base; Miami 4 - Atlanta 1
TOP OF THE 8TH
Miami Marlins batting - Pitching for Atlanta Braves : RHP Brian Bailes
Batting: RHB Micah Christopher 0-0: Ball
1-0: Swinging Strike
1-1: Fly out, F8 (Flyball, 8LD, EV 102.5 MPH)
Batting: RHB Bert Clark 0-0: Ball
1-0: Swinging Strike
1-1: Ball
2-1: Called Strike
2-2: Foul Ball, location: 2F
2-2: Fly out, F7 (Flyball, 7D, EV 91.2 MPH)
Batting: RHB Adam McGurn 0-0: Foul Ball, location: 2F
0-1: Ball
1-1: Ball
2-1: Called Strike
2-2: Foul Ball, location: 2F
2-2: Foul Ball, location: 2F
2-2: Fly out, F7 (Flyball, 78S, EV 98.1 MPH)
Top of the 8th over - 0 runs, 0 hits, 0 errors, 0 left on base; Miami 4 - Atlanta 1
BOTTOM OF THE 8TH
Atlanta Braves batting - Pitching for Miami Marlins : RHP Oscar Banda
Pitching: RHP Chris Nickerson
Batting: LHB Erik Gretzky 0-0: Foul Ball, location: 2F
0-1: Foul Ball, location: 2F
0-2: Ball
1-2: Ground out 4-3 (Groundball, 4, EV 101.2 MPH)
Batting: RHB Alex Rodriguez Jr. 0-0: Ball
1-0: Called Strike
1-1: Ball
2-1: Ball
3-1: Foul Ball, location: 2F
3-2: Base on Balls
Batting: RHB Xavier Davis 0-0: Ball
1-0: Foul Ball, location: 2F
1-1: Foul Ball, location: 2F
1-2: Ball
2-2: Foul Ball, location: 2F
2-2: Foul Ball, location: 2F
2-2: Strikes out looking
Batting: RHB Luis Torres 0-0: Ball
1-0: SINGLE (Line Drive, 34D, EV 96.9 MPH)
Alex Rodriguez Jr. to second
Batting: RHB Liangde Li 0-0: Fielders Choice at 2nd, 6-4 (Groundball, 6, EV 98.8 MPH)
Bottom of the 8th over - 0 runs, 1 hit, 0 errors, 2 left on base; Miami 4 - Atlanta 1
TOP OF THE 9TH
Miami Marlins batting - Pitching for Atlanta Braves : RHP Brian Bailes
Pitching: LHP Shingo Miura
Batting: RHB Mark Barger 0-0: Ball
1-0: Ball
2-0: Swinging Strike
2-1: Foul Ball, location: 2F
2-2: Strikes out swinging
Batting: RHB Alberto Cotto 0-0: Foul Ball, location: 2F
0-1: Ball
1-1: Called Strike
1-2: Strikes out swinging
Batting: RHB Alex Munoz 0-0: Fly out, F8 (Flyball, 89M, EV 83.8 MPH)
Top of the 9th over - 0 runs, 0 hits, 0 errors, 0 left on base; Miami 4 - Atlanta 1
BOTTOM OF THE 9TH
Atlanta Braves batting - Pitching for Miami Marlins : RHP Chris Nickerson
Pitching: RHP Nick Newmaster
Batting: RHB Jeckel Hester 0-0: Ball
1-0: Ball
2-0: SINGLE (Line Drive, 9S, EV 98.1 MPH)
Batting: SHB Terry Tuckfard 0-0: Called Strike
0-1: Swinging Strike
0-2: Fielders Choice at 2nd, 6-4 (Groundball, 6, EV 86.2 MPH)
Batting: SHB Jason Woods 0-0: Called Strike
0-1: Foul Ball, location: 2F
0-2: Ball
1-2: Fly out, F8 (Flyball, 8RXD, EV 107.5 MPH)
Batting: RHB Ike Trout 0-0: Called Strike
0-1: Ground out 5-3 (Groundball, 56D, EV 101.9 MPH)
Bottom of the 9th over - 0 runs, 1 hit, 0 errors, 1 left on base; Miami 4 - Atlanta 1
Thursday, December 15th , 2022 - OOTP Baseball 23.9 Build 102